 Dungeon Crawl Stone Soup version 0.31.0-32-g396128a36d (webtiles) character file.

Game seed: 9732358965335104373

684 Gloo1 the Chopper (level 7, -1/54 HPs)
             Began as a Minotaur Berserker on Mar 20, 2024.
             Was a Priest of Trog.
             Succumbed to a scorpion's poison
             ... on level 5 of the Dungeon.
             The game lasted 00:14:23 (2676 turns).

Gloo1 the Chopper (Minotaur Berserker)              Turns: 2676, Time: 00:14:24

Health: -1/54      AC: 11    Str: 23    XL:     7   Next: 35%
Magic:  6/6        EV:  6    Int: 10    God:    Trog [***...]
Gold:   249        SH: 11    Dex: 10    Spells: 6/6 levels left

rFire   . . .        h - +1 hand axe (elec)
rCold   + . .        g - +0 tower shield
rNeg    . . .        e - +0 chain mail
rPois   .            (helmet restricted)
rElec   .            (no cloak)
rCorr   .            (no gloves)
SInv    .            m - +0 pair of boots
Will    ++...        k - amulet of regeneration Stlth
                     c - +6 ring of intelligence
HPRegen 2.09/turn    (no ring)
MPRegen 0.10/turn

%: clarity
@: lethally poisoned (-1 -> -4), strong-willed, on berserk cooldown,
regenerating, slowed, very slow
A: horns 2, retaliatory headbutt, clarity, cold resistance 1, frail 1,
persistent drain
a: Renounce Religion, Berserk, Trog's Hand


You were on level 5 of the Dungeon.
You worshipped Trog.
Trog was most pleased with you.
You visited 1 branch of the dungeon, and saw 5 of its levels.
You also visited: Sewer.

You collected 249 gold pieces.

Inventory:

Hand Weapons
 h - a +1 hand axe of electrocution (weapon)
Armour
 e - a +0 chain mail (worn)
 g - a +0 tower shield (worn)
 m - a +0 pair of boots (worn)
Jewellery
 c - a +6 ring of intelligence (left hand)
 k - an amulet of regeneration (around neck)
Scrolls
 i - a scroll of revelation {unknown}
 j - a scroll of immolation {unknown}
 l - a scroll of fear (quivered) {unknown}
 n - a scroll of torment {unknown}
Potions
 a - a potion of resistance
 b - 2 potions of haste
 d - 3 potions of heal wounds {unknown}
 f - 2 potions of brilliance
 o - a potion of cancellation {unknown}


   Skills:
 + Level 5.5 Fighting
 + Level 6.8 Axes
 + Level 4.9 Armour
 + Level 3.3 Dodging
 + Level 0.3 Stealth
 + Level 3.5 Shields


You had 6 spell levels left.
You didn't know any spells.
Your spell library was empty.

Dungeon Overview and Level Annotations

Branches:
Dungeon (5/15)              Sewer (visited)
 Temple: D:4-7

Altars:


Innate Abilities, Weirdness & Mutations

You have a pair of horns on your head.
You reflexively headbutt those who attack you in melee.
You possess an exceptional clarity of mind.
Your flesh is cold resistant. (rC+)
You are frail. (-10% HP)
Your health recovers twice as slowly from being drained.


Message History

You barely miss the gnoll. You hit the scorpion but do no damage.
You block the scorpion's attack. The gnoll barely misses you.
The gnoll hits you with a +0 flail.
* * * LOW HITPOINT WARNING * * *
You block the scorpion's attack. The gnoll hits you with a +0 spear.
* * * LOW HITPOINT WARNING * * *
The gnoll hits you with a +0 flail.
* * * LOW HITPOINT WARNING * * *
Your skin crawls.
You feel strong-willed.
Your attacks no longer feel as feeble.
The scorpion stings you.
* * * LOW HITPOINT WARNING * * *
You are poisoned.
The scorpion poisons you! The gnoll barely misses you.
The scorpion stings you but does no damage.
You block the gnoll's attack. The gnoll hits you with a +0 spear.
* * * LOW HITPOINT WARNING * * *
You barely miss the gnoll. Your headbutt misses the gnoll.
The gnoll is lightly wounded.
You barely miss the scorpion. You slash the gnoll!
You kill the gnoll!
Trog accepts your kill.
You feel very sick.
The gnoll is no longer moving quickly.
You block the scorpion's attack. The gnoll hits you with a +0 spear.
* * * LOW HITPOINT WARNING * * *
The scorpion stings you but does no damage.
You block the gnoll's attack.
You hit the gnoll. Your headbutt misses the gnoll.
The gnoll is heavily wounded.
You hit the scorpion. Lightning courses through the scorpion!
You feel sick.
You block the scorpion's attack. x2; The gnoll hits you but does no damage.
The scorpion stings you.
* * * LOW HITPOINT WARNING * * *
You are lethally poisoned!
The scorpion poisons you! You block the gnoll's attack.
You barely miss the gnoll.
The gnoll is heavily wounded.
You closely miss the scorpion.
You die...

###########
#..<......#
#.........#
#.........#
#...))....#
##..†.s@g..#
#....<.)...#
....###.......#
...
............ .
..#.......###
##.........#
###.......#
#.......#
#$......#


You could see a scorpion and a gnoll.

Vanquished Creatures
  A water moccasin (D:5)
  A phantom (D:4)
  A kobold brigand (Sewer)
  2 bombardier beetles
  A hound (D:4)
  3 orc priests
  A gnoll bouda (D:5)
  An iguana (D:4)
  An orc wizard (D:5)
  2 gnolls (D:5)
  4 adders
  A white imp (D:4)
  2 ribbon worms (D:2)
  10 orcs
  5 endoplasms
  3 giant cockroaches
  7 goblins
  3 hobgoblins
  5 jackals (D:2)
  17 kobolds
  6 quokkas
  9 ball pythons
  5 bats
  3 frilled lizards
  13 rats
107 creatures vanquished.

Notes
Turn   | Place    | Note
-------+----------+-------------------------------------------
     0 | D:1      | Gloo1 the Minotaur Berserker began the quest for the Orb.
     0 | D:1      | Reached XP level 1. HP: 19/19 MP: 0/0
   173 | D:1      | Reached skill level 4 in Axes
   173 | D:1      | Reached XP level 2. HP: 27/27 MP: 1/1
   901 | D:2      | Reached XP level 3. HP: 33/33 MP: 2/2
   972 | D:2      | Reached ** piety under Trog
  1369 | D:3      | Reached XP level 4. HP: 41/41 MP: 3/3
  1472 | D:3      | Reached skill level 1 in Shields
  1631 | D:3      | Reached skill level 5 in Axes
  1631 | D:3      | Reached XP level 5. HP: 47/47 MP: 4/4
  1863 | D:4      | Noticed a phantom
  1873 | D:4      | Killed a phantom
  1874 | D:4      | Reached skill level 5 in Fighting
  1886 | D:4      | Reached XP level 6. HP: 47/56 MP: 5/5
  2126 | D:4      | Reached *** piety under Trog
  2203 | D:4      | Found a glowing drain.
  2208 | Sewer    | Entered a sewer
  2312 | Sewer    | Gained mutation: Your health recovers twice as slowly from
                  | being drained. [potion of mutation]
  2312 | Sewer    | Gained mutation: You are frail. (-10% HP) [potion of
                  | mutation]
  2312 | Sewer    | Gained mutation: You possess an exceptional clarity of
                  | mind. [potion of mutation]
  2312 | Sewer    | Gained mutation: Your flesh is cold resistant. (rC+)
                  | [potion of mutation]
  2396 | Sewer    | Reached skill level 6 in Axes
  2655 | D:5      | Entered Level 5 of the Dungeon
  2655 | D:5      | Noticed a water moccasin
  2664 | D:5      | Killed a water moccasin
  2665 | D:5      | Reached XP level 7. HP: 45/54 MP: 6/6
  2674 | D:5      | HP: 2/54 [poisoned by a scorpion]
  2676 | D:5      | Succumbed to a scorpion's poison

Illustrated notes

Levels and vault maps discovered:
D:1:      evilmike_arrival_crescent, layout_basic, minmay_rat_gold_closets
D:2:      layout_basic, minmay_misc_feat_five
D:3:      layout_basic
D:4:      layout_rooms, regret_index_xom_buried_treasure, gup_sewer_entry_bowl,
          interstate_on_off
D:5:      layout_rooms

Skill      XL: |  1  2  3  4  5  6 |
---------------+-------------------+-----
Axes           | 4 5 6 |  6.8
Fighting       | 4 5 |  5.5
Armour         | 3 4 |  4.9
Shields        | 1 2 3 |  3.5
Dodging        | 3 |  3.3
Stealth        | |  0.3

Action                     |  1- 3 |  4- 6 |  7- 9 || total
---------------------------+-------+-------+-------++-------
  Melee: Hand axe          |    83 |   110 |     9 ||   202
         Headbutt          |     8 |    21 |     1 ||    30
         Punch             |     1 |       |       ||     1
 Invoke: Berserk           |       |     4 |       ||     4
         Trog's Hand       |       |       |     1 ||     1
    Use: Scroll            |     2 |     3 |       ||     5
         Potion            |     1 |     3 |       ||     4
 Armour: Animal skin       |    13 |       |       ||    13
         Leather armour    |    26 |       |       ||    26
         Chain mail        |    23 |    86 |    25 ||   134
  Dodge: Dodged            |    35 |    30 |     5 ||    70
  Block: Tower shield      |    37 |    79 |    21 ||   137
